 Dungeon Crawl Stone Soup version 0.31-a0-216-g22e908daa7 (webtiles) character file.

Game seed: 15517513370470407626

213 qw the Shooter (level 5, -1/30 HPs)
             Began as a Gargoyle Hexslinger on July 1, 2023.
             Slain by an orc
             ... wielding a +0 flail
              (6 damage)
             ... on level 4 of the Dungeon.
             The game lasted 00:01:19 (2628 turns).

qw the Shooter (Gargoyle Hexslinger)                Turns: 2628, Time: 00:01:19

Health: -1/30      AC:  9    Str: 12    XL:     5   Next: 90%
Magic:  6/6        EV: 10    Int: 13    God:
Gold:   233        SH:  0    Dex: 14    Spells: 5/6 levels left

rFire   . . .        Y - +2 sling
rCold   . . .        (no shield)
rNeg    + . .        d - +0 ring mail
rPois   inf          (no helmet)
rElec   +            (no cloak)
rCorr   .            (no gloves)
SInv    .            (no boots)
Will    .....        (no amulet)
Stlth   +            (no ring)
HPRegen 0.25/turn    (no ring)
MPRegen 0.10/turn

%: no passive effects
@: no status effects
A: sickness immunity, AC +4, negative energy resistance 1, electricity
resistance, torment resistance 1, petrification resistance
a: no special abilities


You were on level 4 of the Dungeon.
You visited 1 branch of the dungeon, and saw 4 of its levels.

You collected 233 gold pieces.


Innate Abilities, Weirdness & Mutations

You are immune to sickness and miasma.
Your stone body is resilient. (AC +4)
You are immune to poison.
You resist negative energy. (rN+)
You are resistant to electric shocks. (rElec)
You are resistant to unholy torment.
You are immune to petrification.


   Skills:
 - Level 2.0 Fighting
 + Level 4.8 Ranged Weapons
 - Level 3.0 Armour
 - Level 1.5 Dodging
 - Level 1.0 Spellcasting
 - Level 2.6 Hexes


You had 5 spell levels left.
You knew the following spells:

 Your Spells              Type           Power      Damage    Failure   Level
a - Slow                  Hex            28%        N/A       21%         1

Your spell library contained the following spells:

 Spells                   Type           Power      Damage    Failure   Level
 Inner Flame              Hex/Fire       4%         N/A       71%         3
 Portal Projectile        Hex/Tloc       8%         N/A       71%         3
 Cause Fear               Hex            3%         N/A       89%         4

Inventory:

Hand Weapons
 Y - a +2 sling (weapon)
Armour
 d - a +0 ring mail (worn)
Scrolls
 e - a scroll of identify
Potions
 a - a potion of ambrosia {unknown}
 c - a potion of berserk rage {unknown}

Dungeon Overview and Level Annotations

Branches:
Dungeon (4/15)
 Temple: D:4-7

Altars:
Dithmenos
Gozag
Ru
Xom

Shops:
D:2 (

Annotations:
D:3 exclusion: 2 gnolls


Message History

The orc wizard closely misses you.
A goblin comes into view. It is wielding a +0 dagger.
The orc closely misses you.
The orc priest hits you with a +1 dagger of venom.
The orc barely misses you.
The orc priest hits you with a +1 dagger of venom.
The orc wizard casts a spell at you.
The puff of flame hits you but does no damage.
You shoot a sling bullet. The goblin shouts!
The sling bullet hits the orc priest.
You kill the orc priest!
The orc wizard hits you but does no damage.
The orc closely misses you. The orc barely misses you.
You shoot a sling bullet. The sling bullet hits the orc wizard.
The orc wizard is lightly wounded.
The orc wizard closely misses you. The orc hits you with a +0 flail!
The orc hits you with a +0 club.
You shoot a sling bullet.
The sling bullet closely misses the orc wizard.
The orc hits you with a +0 flail.
The orc wizard hits you with a +0 dagger.
The orc hits you but does no damage.
You shoot a sling bullet. The sling bullet hits the orc wizard.
The orc wizard is moderately wounded.
The orc wizard barely misses you. The orc barely misses you.
The orc closely misses you. The orc hits you with a +0 whip.
The orc hits you with a +0 flail. The orc wizard misses you.
The orc hits you but does no damage. The orc hits you with a +0 whip.
A kobold comes into view. It is wielding a +0 dagger.
You shoot a sling bullet.
The sling bullet closely misses the orc wizard.
The kobold shouts!
You hear a shout!
The orc wizard misses you. The orc hits you with a +0 flail.
The orc barely misses you. x2
You shoot a sling bullet. The sling bullet hits the orc wizard!
The orc wizard is almost dead.
The orc wizard barely misses you. The orc hits you with a +0 flail.
You die...

##..# ..# ....
#.#..%# .##
.....
#.##..###..#
#.....
#......#...##
....#.
+...........#
#..#..#
#.##........##
..##o. ##
##........#
######..o....#
......g@#..###
......ooo...#
.....7......#
..._.7...P.....
.K...7.........
..77 7..PP....[
.. )..PP.....
...PP.....


You could see an orc wizard, 3 orcs, a goblin and a kobold.

Vanquished Creatures
  A bullfrog (D:4)
  2 orc priests (D:4)
  A gnoll (D:3)
  7 orcs
  5 ball pythons
  7 bats
  9 endoplasms
  4 giant cockroaches
  7 goblins
  6 hobgoblins
  4 jackals
  7 kobolds
  A quokka (D:2)
  A frilled lizard (D:1)
  4 rats
66 creatures vanquished.

Notes
Turn   | Place    | Note
-------+----------+-------------------------------------------
     0 | D:1      | qw the Gargoyle Hexslinger began the quest for the Orb.
     0 | D:1      | Reached XP level 1. HP: 12/12 MP: 2/2
     0 | D:1      | 0 ||| qw: Version: 0.3-a-35-g05ef00e
     0 | D:1      | 0 ||| qw: Game counter: 7773
     0 | D:1      | 0 ||| qw: Melee chars always use a shield: true
     0 | D:1      | 0 ||| qw: God list: Okawaru
     0 | D:1      | 0 ||| qw: Allow faded altars: false
     0 | D:1      | 0 ||| qw: Do Orc after clearing Dungeon:15 true
     0 | D:1      | 0 ||| qw: Do second Lair branch before Depths: true
     0 | D:1      | 0 ||| qw: Lair rune preference: random
     0 | D:1      | 0 ||| qw: Goals: Normal
     0 | D:1      | 0 ||| PLANNING D:1-11
   119 | D:1      | Reached XP level 2. HP: 16/16 MP: 3/3
   160 | D:1      | Found a faded altar of an unknown god.
   187 | D:1      | Reached skill level 3 in Ranged Weapons
   390 | D:1      | Reached XP level 3. HP: 20/21 MP: 4/4
   662 | D:1      | 662 ||| UPGRADING to +0 ring mail.
   672 | D:1      | 672 ||| DROPPING +0 robe.
   673 | D:1      | 673 ||| READING scroll labelled DOEGOL FIRHANK.
   674 | D:1      | 674 ||| READING scroll labelled NUWESK ERRAYSO.
   679 | D:1      | 679 ||| READING scroll labelled VOEGGA OWYSH.
   680 | D:1      | 680 ||| DROPPING scroll of poison.
   763 | D:2      | Found an opulent altar of Gozag.
  1145 | D:2      | Found Kayzo's Weapon Shop.
  1375 | D:2      | 1375 ||| READING scroll labelled VYATIGHUINK.
  1376 | D:2      | 1376 ||| READING scroll labelled ENOPEI AMNO.
  1377 | D:2      | 1377 ||| READING scroll labelled OLOFER POTO.
  1574 | D:3      | Found a sacrificial altar of Ru.
  1614 | D:3      | Reached XP level 4. HP: 13/26 MP: 5/5
  1962 | D:3      | Reached skill level 4 in Ranged Weapons
  2065 | D:3      | 2065 ||| READING scroll labelled LIUROH GATHOUPN.
  2164 | D:3      | Found a shimmering altar of Xom.
  2167 | D:3      | 2167 ||| READING scroll labelled PAUHUI ISUTZE.
  2268 | D:3      | 2268 ||| READING scroll labelled SIALIURAGA.
  2353 | D:4      | Noticed a bullfrog
  2359 | D:4      | HP: 6/26 [bullfrog (7)]
  2363 | D:4      | Killed a bullfrog
  2364 | D:4      | Reached skill level 3 in Armour
  2364 | D:4      | Reached XP level 5. HP: 5/30 MP: 6/6
  2562 | D:4      | 2562 ||| FLEEEEING.
  2607 | D:4      | Found a shadowy altar of Dithmenos.
  2626 | D:4      | HP: 7/30 [orc/+0 flail (2)]
  2628 | D:4      | Slain by an orc

Levels and vault maps discovered:
D:1:      lemuel_arrival_lava_pool, layout_loops_cross,
          chequers_ecumenical_altar_twisty
D:2:      layout_loops_ring, basic_altar, serial_shops,
          nicolae_shop_window_shopping
D:3:      layout_loops_ring, tgw_xom, nicolae_ru_sacrificial_ziggurat,
          palyth_stone_intersect
D:4:      layout_cave_pools, mainiacjoe_overflow_chevrons,
          fedhas_altar_decomposition, makhleb_blood_cavern_becter,
          minmay_temple_entry_hall, grunt_ministairs_15

Skill      XL: |  1  2  3  4 |
---------------+-------------+-----
Ranged Weapons | 3 4 |  4.8
Fighting       | 2 |  2.0
Armour         | 3 |  3.0
Dodging        | |  1.5
Spellcasting   | |  1.0
Hexes          | |  2.6

Action                     |  1- 3 |  4- 6 || total
---------------------------+-------+-------++-------
   Fire: Sling             |   160 |    90 ||   250
    Use: Scroll            |     6 |     3 ||     9
 Armour: Robe              |     7 |       ||     7
         Ring mail         |    43 |    25 ||    68
  Dodge: Dodged            |    62 |    55 ||   117

Table legend:
 A = Non-vault XP
 B = Vault XP
 C = Vault XP percentage of total XP
 D = Non-vault monster count
 E = Vault monster count
 F = Vault count percentage of total count
                 A         B        C        D         E       F
            +---------+---------+-------+---------+---------+-------
      Total |     285 |      20 |   6.6 |      61 |       5 |   7.6
            +---------+---------+-------+---------+---------+-------
        D:1 |      39 |       0 |   0.0 |      23 |       0 |   0.0
        D:2 |      17 |       0 |   0.0 |      10 |       0 |   0.0
        D:3 |      34 |      20 |  37.0 |      17 |       5 |  22.7
        D:4 |     195 |       0 |   0.0 |      11 |       0 |   0.0
            +---------+---------+-------+---------+---------+-------
